 Dungeon Sprint DCSS version 0.22.1-1-ga44c0e56f4 (webtiles) character file.

50 MuseOD the Covert (level 3, -1/20 HPs)
             Began as a Spriggan Enchanter on Sept 23, 2018.
             Was an Initiate of Dithmenos.
             Killed from afar by a hell hound (21 damage)
             ... with a blast of flame
             ... in the Dungeon (Sprint V: "Ziggurat Sprint").
             The game lasted 00:00:41 (78 turns).

MuseOD the Covert (Spriggan Enchanter)                Turns: 78, Time: 00:00:42

Health: -1/20      AC:  2    Str:  4    XL:     3   Next: 55%
Magic:  8/8        EV: 18    Int: 17    God:    Dithmenos [......]
Gold:   0          SH:  0    Dex: 16    Spells: 1/7 levels left

rFire    . . .     SeeInvis +   u - +5 quick blade
rCold    . . .     Gourm    .   (shield restricted)
rNeg     . . .     Faith    .   b - +0 robe
rPois    .         Spirit   .   (helmet restricted)
rElec    .         Reflect  .   (no cloak)
rCorr    .         Harm     .   (gloves unavailable)
MR       .....     NoTele   +   (boots unavailable)
Stlth    ++++......             (no amulet)
HPRegen  0.06/turn              (no ring)
MPRegen  0.11/turn              (no ring)

@: very quick
A: very small, unfitting armour, see invisible, herbivore, speed 3, slow
metabolism 2
a: Renounce Religion


You were in the Dungeon.
You worshipped Dithmenos.
Dithmenos was noncommittal.
You were not hungry.

You visited 1 branch

Inventory:

Hand Weapons
 a - a +1 dagger
 u - a +5 quick blade (weapon)
Armour
 b - a +0 robe (worn)
Wands
 v - a wand of disintegration (7)
 w - a wand of iceblast (7)
 x - a wand of acid (7)
Scrolls
 j - 4 scrolls of blinking
 m - 4 scrolls of amnesia
 p - 7 scrolls of fog
 q - a scroll of holy word
 r - 5 scrolls of identify
 s - 5 scrolls of remove curse
 t - 2 scrolls of fear
Potions
 c - 2 potions of brilliance
 e - 10 potions of curing
 f - 10 potions of heal wounds
 g - 6 potions of haste
 h - 7 potions of magic
 i - 3 potions of berserk rage
 k - 2 potions of invisibility
 l - 4 potions of resistance
 n - 5 potions of agility
 o - 5 potions of might
Comestibles
 d - 7 rations


   Skills:
 + Level 3.4 Fighting
 * Level 6.9 Short Blades
 - Level 3.0 Dodging
 + Level 8.2 Stealth
 - Level 2.6 Spellcasting
 - Level 3.6 Hexes


You had one spell level left.
You knew the following spells:

 Your Spells              Type           Power        Failure   Level  Hunger
a - Corona                Hex            ##.....      4%          1    #......
b - Ensorcelled Hibernat  Hex/Ice        #.....       13%         2    ##.....
c - Confuse               Hex            ##......     12%         3    ###....

Your spell library contained the following spells:

 Spells                   Type           Power        Failure   Level  Hunger
 Tukima's Dance           Hex            ##......     12%         3    ###....
 Dazzling Spray           Conj/Hex       #.....       26%         3    ###....


Dungeon Overview and Level Annotations

Branches:
Dungeon (1/1)

Altars:
Ashenzari
Cheibriados
Dithmenos
Elyvilon
Fedhas
Gozag
Hepliaklqana
Kikubaaqudgha
Makhleb
Nemelex Xobeh
Okawaru
Qazlal
Ru
Sif Muna
Trog
Uskayaw
Vehumet
Wu Jian
Xom
Yredelemnul
Zin
The Shining One
Beogh
Jiyva
Lugonu

Annotations:
D 1 transporter


Innate Abilities, Weirdness & Mutations

You are very small and have problems with some larger weapons.
You are too small for most types of armour.
You have supernaturally acute eyesight. (SInv)
You are a herbivore.
You cover ground extremely quickly.
You need to consume almost no food.


Message History

Memorise Confuse, consuming 3 spell levels and leaving 1?
You start memorising the spell.
You continue memorising. x3
You finish memorising.
Spell assigned to 'c'.
Unknown command.
You see here a +4 hunting sling.
You see here a lightning rod (4/4).
There is a transporter here.
You start resting.
Magic restored.
Welcome to arena 2.
You enter the transporter and appear at another place.
A hell hound, a white imp and a shadow imp come into view.
Found three items.
Found a transporter.
The shadow imp shouts, "Give up, thou fawning shard-borne lewdster!"
The white imp shouts, "Bolt, thou churlish beef-witted foot-licker!"
The hell hound barks!
The hell hound breathes flames at you. The blast of flame hits you!
Ouch! That really hurt!
You die...

▓▓▓▓▓▓▓▓▓▓▓▓▓
▓.8©8.▓.8©8.▓
▓.55h.▓.....▓
▓.....▓.).}.▓
▓.....▓.....▓
▓.....▓.....▓
▓...@.▓..©..▓
▓..©..▓▓▓▓▓▓▓
▓▓▓▓▓▓▓


You could see a hell hound, a white imp and a shadow imp.

Vanquished Creatures
  A crimson imp (D)
  A white imp (D)
2 creatures vanquished.

Notes
Turn   | Place    | Note
-------+----------+-------------------------------------------
     0 | D        | Found the +6 Majin-Bo {vamp, Archmagi MP+6 Int+6}
     0 | D        | Found the +7 great mace "Firestarter" {inner flame, rF++}
     0 | D        | MuseOD the Spriggan Enchanter began the quest for the Orb.
     0 | D        | Reached XP level 1. HP: 9/9 MP: 5/5
     0 | D        | Found a deep blue altar of Sif Muna.
     0 | D        | Found a bloodstained altar of Trog.
     0 | D        | Found a sacrificial altar of Ru.
     0 | D        | Found a stormy altar of Qazlal.
     0 | D        | Found an iron altar of Okawaru.
     1 | D        | Found a sparkling altar of Nemelex Xobeh.
     1 | D        | Found a blossoming altar of Fedhas.
     3 | D        | Reached skill level 5 in Short Blades
     3 | D        | Reached skill level 7 in Stealth
     3 | D        | Reached XP level 2. HP: 16/16 MP: 6/6
     4 | D        | Found a transporter.
     4 | D        | Found an ancient bone altar of Kikubaaqudgha.
     4 | D        | Found a viscous altar of Jiyva.
     4 | D        | Found a corrupted altar of Lugonu.
     4 | D        | Found a hazy altar of Hepliaklqana.
     4 | D        | Found a burning altar of Makhleb.
     4 | D        | Found an opulent altar of Gozag.
     7 | D        | Banished a spatial maelstrom
    19 | D        | Became a worshipper of Dithmenos the Shadowed
    34 | D        | Learned a level 2 spell: Ensorcelled Hibernation
    42 | D        | Entered arena 2.
    42 | D        | Noticed a crimson imp
    42 | D        | Found a transporter.
    47 | D        | Killed a crimson imp
    47 | D        | Reached skill level 8 in Stealth
    47 | D        | Reached XP level 3. HP: 20/20 MP: 5/8
    52 | D        | Learned a level 3 spell: Confuse
    77 | D        | Entered arena 3.
    77 | D        | Noticed a hell hound
    77 | D        | Found a transporter.
    78 | D        | Killed from afar by a hell hound

Skill      XL: |  1  2 |
---------------+-------+-----
Fighting       | 2 3 |  3.4
Short Blades   | 5 6 |  6.9
Stealth        | 7 8 |  8.2
Dodging        | |  3.0
Spellcasting   | |  2.6
Hexes          | |  3.6

Action                   || total
-------------------------++-------
Melee: Quick blade       ||     2
 Cast: Ensorcelled Hiber ||     1
  Use: Potion            ||     1
 Stab: Sleeping          ||     2
Dodge: Dodged            ||     1
